 Dungeon Crawl Stone Soup version 0.28.0-53-g5a82cb258f (webtiles) character file.

Game seed: 2076017820590353244

1974 unlimited1921 the Thaumaturge (level 9, -3/57 HPs)
             Began as a Djinni Fire Elementalist on July 18, 2022.
             Killed by an exploding lemure (17 damage)
             ... ignited by their inner flame
             ... on level 6 of the Dungeon.
             The game lasted 00:25:08 (10200 turns).

unlimited1921 the Thaumaturge (DjFE)               Turns: 10200, Time: 00:25:11

Health: -3/57      AC:  6    Str:  7    XL:     9   Next: 43%
Gold:   333        EV: 12    Int: 21    God:
                   SH:  0    Dex: 14

rFire   + + .      SeeInvis .   j - +0 quarterstaff
rCold   x . .      Faith    .   (shield currently unavailable)
rNeg    . . .      Spirit   .   y - +3 leather armour
rPois   ∞          Reflect  .   (no helmet)
rElec   .          Harm     .   (no cloak)
rCorr   .          Rampage  .   (no gloves)
Will    .....                   (boots unavailable)
Stlth   ++........              (no amulet)
HPRegen 0.19/turn               (no ring)
MPRegen 0.00/turn               (no ring)

@: flying
A: sickness immunity, fire resistance 2, cold vulnerability 1, float, innate
caster, HP casting, extra vitality 1
a: no special abilities


You were on level 6 of the Dungeon.
You visited 1 branch of the dungeon, and saw 6 of its levels.

You collected 333 gold pieces.

Inventory:

Hand Weapons
 d - a +0 hand axe
 i - a +1 dagger of venom
 j - a +0 quarterstaff (weapon)
 r - a +1 vorpal trident
 D - a +0 hand crossbow
Missiles
 c - 149 stones
 m - 70 bolts
 n - 16 poisoned darts (quivered)
 t - 3 boomerangs of dispersal
Armour
 y - a +3 leather armour (worn)
Jewellery
 B - an amulet of reflection
Wands
 A - a wand of flame (3)
Scrolls
 b - 3 scrolls of fear {unknown}
 e - 10 scrolls of identify {unknown}
 f - 3 scrolls of noise {unknown}
 l - a scroll of vulnerability {unknown}
 o - a scroll of brand weapon {unknown}
 p - a scroll of fog {unknown}
 q - a scroll of holy word {unknown}
 u - 2 scrolls of teleportation {unknown}
 C - a scroll of enchant weapon {unknown}
Potions
 a - a potion of heal wounds {unknown}
 g - a potion of flight {unknown}
 h - 2 potions of cancellation {unknown}
 k - a potion of brilliance {unknown}
 s - 2 potions of haste {unknown}
 v - 2 potions of resistance {unknown}
 w - a potion of might {unknown}
 x - a potion of lignification {unknown}
 z - 2 potions of ambrosia {unknown}


   Skills:
 + Level 1.4 Fighting
 + Level 0.7 Axes
 + Level 1.1 Staves
 + Level 3.1 Armour
 + Level 3.0 Dodging
 + Level 3.1 Stealth
 + Level 8.3 Spellcasting


You had one spell level left.
You knew the following spells:

 Your Spells              Type           Power      Damage    Failure   Level
a - Foxfire               Conj/Fire      100%       2x1d9     1%          1
b - Scorch                Fire           86%        2d9       1%          2
c - Conjure Flame         Conj/Fire      43%        6-21      1%          3
d - Inner Flame           Hex/Fire       43%        N/A       1%          3
e - Flame Wave            Conj/Fire      43%        2d9       3%          4
f - Summon Small Mammal   Summ           100%       N/A       1%          1
g - Passwall              Tmut/Erth      35%        N/A       1%          2
h - Confusing Touch       Hex            43%        N/A       1%          3
i - Airstrike             Air            21%        N/A       3%          4
Your spell library was empty.

Dungeon Overview and Level Annotations

Branches:
Dungeon (6/15)
 Temple: D:4-7

Altars:
Ashenzari
Vehumet
Wu Jian

Annotations:
D:6 Pikel


Innate Abilities, Weirdness & Mutations

You are immune to sickness and miasma.
You are immune to poison.
Your flesh is very heat resistant. (rF++)
You are vulnerable to cold. (rC-)
You float through the air rather than walking.
You learn spells naturally, not from books.
Your magical power is your life essence.
You have superior vitality. (+4 MHP)


Message History

The lemure is heavily wounded.
The foxfire hits the lemure but does no damage.
The lemure is heavily wounded.
The lemure closely misses you.
Casting: Foxfire (safe; 1% risk of failure)
Confirm with . or Enter, or press ? or * to list all spells.
You conjure some foxfire!
The lemure barely misses you. The lemure hits you!
The foxfire hits Pikel.
Pikel is lightly wounded.
Your foxfire dissipates!
Casting: Foxfire (safe; 1% risk of failure)
Confirm with . or Enter, or press ? or * to list all spells.
You conjure some foxfire!
The lemure hits you but does no damage. x2
Your foxfire dissipates!
The foxfire hits the lemure.
The lemure is heavily wounded.
Casting: Foxfire (safe; 1% risk of failure)
Confirm with . or Enter, or press ? or * to list all spells.
Aiming: Inner Flame (safe; 1% risk of failure)
Press: ? - help, Dir - move target, f - lemure, p - lemure
Aim: a lemure (heavily wounded, chance to affect: 91%)
The lemure is filled with an inner flame.
The lemure hits you.
* * * LOW HITPOINT WARNING * * *
The lemure hits the plant.
The plant begins to die.
Casting: Inner Flame (safe; 1% risk of failure)
Confirm with . or Enter, or press ? or * to list all spells.
Flames lash the lemure.
The lemure is severely wounded.
The lemure's fire resistance burns away.
* * * LOW HITPOINT WARNING * * *
The lemure hits you but does no damage.
The lemure hits the plant!
The lemure hits the plant.
Casting: Scorch (safe; 1% risk of failure)
Confirm with . or Enter, or press ? or * to list all spells.
Flames lash the lemure.
That felt strangely unrewarding.
* * * LOW HITPOINT WARNING * * *
The lemure explodes!
The fiery explosion engulfs you! You resist.
You die... #....# #.... #.PP♣ #.♣P♣ ... #P.P #....... .g.. #.P♣♣#...ggg .o. #..P♣#..gKg gK #@P♣ #.gKg

## ##§♣♣##### ###♣♣♣.
##§5♣♣..♣♣♣.♣P♣..
#K♣P♣....♣P.....
##55.............
..####................
..................##.#
..>...................
.....#.##.#...####.♣♣♣


You could see Pikel and 2 lemures.

Vanquished Creatures
  Eustachio (D:5)
  2 ice beasts
  A sky beast (D:5)
  An ogre (D:4)
  A phantom (D:6)
  A lemure (D:6)
  A bullfrog (D:5)
  A kobold brigand (D:6)
  A gnoll sergeant (D:6)
  A wyvern zombie (D:5)
  2 scorpions (D:5)
  A water moccasin zombie (D:3)
  7 electric eels (D:6)
  A bullfrog zombie (D:5)
  2 hounds
  2 bullfrog skeletons (D:6)
  2 orc priests (D:6)
  2 jellies
  A gnoll shaman (D:5)
  5 iguanas
  Terence (D:3)
  2 orc wizards (D:6)
  8 gnolls (D:5)
  4 adders
  A howler monkey skeleton (D:5)
  A shadow imp (D:5)
  A white imp (D:5)
  An ufetubus (D:6)
  2 worms
  3 dart slugs
  8 orcs
  7 endoplasms
  5 giant cockroaches
  6 goblins
  8 hobgoblins
  2 jackals (D:1)
  8 kobolds
  7 ball pythons
  2 bats (D:1)
  4 frilled lizards
  5 rats
122 creatures vanquished.

Vanquished Creatures (collateral kills)
  A foxfire (D:6)
1 creature vanquished.

Vanquished Creatures (others)
  364 foxfires
  76 plants (D:6)
440 creatures vanquished.

Grand Total: 563 creatures vanquished

Notes
Turn   | Place    | Note
-------+----------+-------------------------------------------
     0 | D:1      | unlimited1921 the Djinni Fire Elementalist began the quest
                  | for the Orb.
     0 | D:1      | Reached XP level 1. HP: 15/15 MP: 0/0
   587 | D:1      | Reached XP level 2. HP: 20/21 MP: 0/0
  1392 | D:1      | Reached skill level 3 in Spellcasting
  1665 | D:1      | Reached XP level 3. HP: 23/25 MP: 0/0
  1665 | D:1      | Learned a level 1 spell: Summon Small Mammal
  1708 | D:1      | Found a faded altar of an unknown god.
  3269 | D:3      | Noticed Terence
  3731 | D:3      | Reached XP level 4. HP: 16/31 MP: 0/0
  4009 | D:3      | Reached XP level 5. HP: 6/35 MP: 0/0
  4009 | D:3      | Learned a level 2 spell: Passwall
  4397 | D:3      | Killed Terence
  4398 | D:3      | Reached skill level 4 in Spellcasting
  5383 | D:4      | Reached XP level 6. HP: 36/40 MP: 0/0
  5625 | D:4      | Noticed an ogre
  5629 | D:4      | Killed an ogre
  6709 | D:5      | Entered Level 5 of the Dungeon
  6716 | D:5      | Reached skill level 5 in Spellcasting
  6716 | D:5      | Reached XP level 7. HP: 33/46 MP: 0/0
  6716 | D:5      | Learned a level 3 spell: Confusing Touch
  6846 | D:5      | Found an ornate altar of the Wu Jian Council.
  7502 | D:5      | Found a broken altar of Ashenzari.
  7687 | D:5      | Reached skill level 1 in Armour
  7687 | D:5      | Reached skill level 6 in Spellcasting
  7773 | D:5      | Reached XP level 8. HP: 47/51 MP: 0/0
  8380 | D:5      | Noticed Eustachio
  8389 | D:5      | Killed Eustachio
  8390 | D:5      | Reached skill level 1 in Fighting
  8764 | D:6      | Reached skill level 7 in Spellcasting
  8916 | D:5      | Reached skill level 1 in Staves
  9163 | D:6      | Reached XP level 9. HP: 51/57 MP: 0/0
  9163 | D:6      | Learned a level 4 spell: Airstrike
  9457 | D:6      | Reached skill level 8 in Spellcasting
 10175 | D:6      | Noticed Pikel
 10200 | D:6      | Killed by an exploding lemure... ignited by their inner
                  | flame

Illustrated notes

Levels and vault maps discovered:
D:1:      dpeg_arrival_tiny_j, layout_basic, basic_ecumenical_altar,
          item_on_display_a
D:2:      layout_rooms
D:3:      layout_rooms, uniq_terence
D:4:      layout_basic, fiery_altar_vehumet
D:5:      layout_basic, nicolae_wu_jian_wuxing_cycle,
          mainiacjoe_overflow_alcove_2, uniq_eustachio
D:6:      kennysheep_housing_project, layout_basic,
          minmay_temple_entry_gardened_gates, serial_bayou, serial_bayou_ford_a,
          serial_bayou_pond_b, serial_bayou_lake_a, serial_bayou_pond_b,
          uniq_pikel

Skill      XL: |  1  2  3  4  5  6  7  8  9 |
---------------+----------------------------+-----
Spellcasting   | 3 4 5 6 7 8 |  8.3
Stealth        | 2 3 |  3.1
Armour         | 1 2 3 |  3.1
Fighting       | 1 |  1.4
Staves         | 1 |  1.1
Dodging        | 3 |  3.0
Axes           | |  0.7

Action                   |  1- 3 |  4- 6 |  7- 9 || total
-------------------------+-------+-------+-------++-------
Melee: Hand axe          |     3 |       |       ||     3
       Quarterstaff      |       |     2 |     1 ||     3
 Cast: Foxfire           |    73 |    59 |    85 ||   217
       Scorch            |     2 |    14 |    22 ||    38
       Inner Flame       |     2 |       |    20 ||    22
       Airstrike         |       |       |    30 ||    30
 Stab: Distracted        |       |       |     1 ||     1
Armor: Robe              |     2 |       |       ||     2
       Leather armour    |       |       |    16 ||    16
Dodge: Dodged            |     3 |     5 |    22 ||    30
